 Dungeon Sprint DCSS version 0.32-a0-953-g508020473e (webtiles) character file.

Game seed: 6092294888377315789

4428 Hubris850 the Imperceptible (level 10, -4/64 HPs)
             Began as a Vampire Enchanter on Apr 16, 2024.
             Was a Believer of Nemelex Xobeh.
             Splashed by a jelly's acid (7 damage)
             ... in the Dungeon (Sprint I: "Red Sonja").
             The game lasted 00:07:47 (485 turns).

Hubris850 the Imperceptible (Vampire Enchanter)      Turns: 485, Time: 00:07:47

Health: -4/64      AC: -1    Str:  7    XL:     10   Next: 14%
Magic:  21/21      EV: 17    Int: 18    God:    Nemelex Xobeh [**....]
Gold:   821        SH:  0    Dex: 19    Spells: 16/24 levels left

rFire   . . .        a - +1 dagger
rCold   + + .        (no shield)
rNeg    + + +        m - +0 troll leather armour
rPois   ∞            (no helmet)
rElec   .            (no cloak)
rCorr   .            (no gloves)
SInv    +            (no boots)
Will    +....        (no amulet)
Stlth   ++++++++++   (no ring)
HPRegen 0.00/turn    (no ring)
MPRegen 0.17/turn

%: no teleportation
@: corroded, fragile (+50% incoming damage), bloodless, inhibited regen, hasted,
very quick
A: bloodless, fangs 3, see invisible, vampiric 2
a: Bat Form, Revivify, Renounce Religion, Draw Escape, Draw Destruction, Draw
Summoning


You were in the Dungeon.
You worshipped Nemelex Xobeh.
Nemelex Xobeh was pleased with you.
You visited 1 branch You collected 821 gold pieces.

Inventory:

Hand Weapons
 a - a +1 dagger (weapon)
 k - a +0 dagger of venom
Missiles
 l - 5 curare-tipped darts (quivered)
Armour
 b - a +0 robe
 m - a +0 troll leather armour (worn)
Wands
 d - a wand of charming (2)
Scrolls
 h - a scroll of silence {unknown}
 i - a scroll of blinking
 j - a scroll of identify {unknown}
 o - a scroll of enchant weapon {unknown}
Potions
 c - a potion of invisibility
 e - a potion of heal wounds
 g - 2 potions of magic
 n - a potion of attraction {unknown}


   Skills:
 - Level 7.8 Fighting
 - Level 6.0 Short Blades
 - Level 11.3 Dodging
 - Level 21.7 Stealth
 - Level 7.8 Spellcasting
 - Level 2.3 Conjurations
 - Level 12.4 Hexes
 - Level 3.2 Ice Magic
 + Level 3.3 Invocations


You had 16 spell levels left.
You knew the following spells:

 Your Spells              Type           Power      Damage    Failure   Level
a - Ensorcelled Hibernat  Hex/Ice        70%        N/A       1%          2
b - Confusing Touch       Hex            51%        N/A       1%          3
c - Dazzling Flash        Conj/Hex       66%        N/A       2%          3

Your spell library contained the following spells:

 Spells                   Type           Power      Damage    Failure   Level
 Tukima's Dance           Hex            51%        N/A       1%          3


Dungeon Overview and Level Annotations

Branches:
Dungeon (1/1)

Altars:
Cheibriados
Dithmenos
Fedhas
Gozag
Hepliaklqana
Kikubaaqudgha
Makhleb
Nemelex Xobeh
Okawaru
Qazlal
Ru
Sif Muna
Trog
Uskayaw
Vehumet
Wu Jian
Xom
Yredelemnul
Jiyva
Lugonu

Shops:
D [[


Innate Abilities, Weirdness & Mutations

You do not regenerate when monsters are visible.
You are frail without blood (-20% HP).
You can heal yourself when you bite living creatures.
You are immune to poison.
You have razor-sharp teeth.
You have supernaturally acute eyesight. (SInv)
You are afflicted with vampirism and can become a bat while bloodless.


Message History

Your body becomes as fragile as glass!
Your Invocations skill increases to level 3!
Unknown command.
Unknown command.
The wight hits you from afar with a +4 halberd!
* * * LOW HITPOINT WARNING * * *
Things that are here:
a +3 spear; a +0 robe; a Gell's gravitambourine (2/2) Unknown command.
The jelly misses you. The wight attacks as it pursues you!
The wight barely misses you. The jelly hits you but does no damage.
The jelly attacks as it pursues you! The jelly completely misses you.
There is an open gate here.
The jelly jiggles.
The glass eye pulsates ominously.
The glass eye gazes at you.
You feel your fragility will last longer.
There is an open door here.
You draw a card...
You have drawn the Orb.
Press: ? - help, Shift-Dir - straight line, f - jelly
Aim: a jelly (moderately wounded)
Your orb of destruction hits a rock wall. x2
Your orb of destruction hits a stone wall.
There is an open door here.
You hit the jelly.
Your hands burn!
* * * LOW HITPOINT WARNING * * *
The jelly is heavily wounded.
You hit the jelly.
Your hands burn!
* * * LOW HITPOINT WARNING * * *
The jelly is severely wounded.
The jelly completely misses you.
You completely miss the jelly. You bite the jelly.
The jelly is almost dead.
You hit the jelly.
You kill the jelly!
The glass eye gazes at you.
You feel your fragility will last longer.
You hit the jelly. The acid corrodes you!
Your hands burn!
You die...
Your body disappears without a glow.

_##'#_.+~~§.§§§.#
.†'..._#~§§§)#..#
_##_.#'##'#####§###
_###'#.#)§..###.'$#
####.####'###(###.#
+...'..†..'[∩##.#
#...###########§#
##.###....§§J##§#
#+# #..Gzzz§J@§#
#'z'######§#
#........#§#
######.......#+§#
#)$)zz.G....~####
#(}/..z....~~#
##.......~~~##
###..~~~~###
+######+


You could see 2 jellies.

Vanquished Creatures
  2 centaur warriors (D)
  Sonja (D)
  A deep troll (D)
  An oklob plant (D)
  2 unseen horrors (D)
  A hornet (D)
  A slime creature (D)
  Sigmund (D)
  A yak (D)
  A redback (D)
  An ogre (D)
  2 wights (D)
  6 jellies (D)
  Ijyb (D)
22 creatures vanquished.

Vanquished Creatures (collateral kills)
  A redback (D)
1 creature vanquished.

Grand Total: 23 creatures vanquished

Notes
Turn   | Place    | Note
-------+----------+-------------------------------------------
     0 | D        | Hubris850 the Vampire Enchanter began the quest for the
                  | Orb.
     0 | D        | Reached XP level 1. HP: 13/13 MP: 3/3
     2 | D        | Noticed Ijyb
     8 | D        | Killed Ijyb
     9 | D        | Reached skill level 10 in Stealth
     9 | D        | Reached XP level 2. HP: 19/19 MP: 5/5
    63 | D        | Noticed an ogre
    65 | D        | Killed an ogre
    66 | D        | Gained mutation: You are afflicted with vampirism and can
                  | become a bat while bloodless. [Vampire growth]
    66 | D        | Reached XP level 3. HP: 19/19 MP: 6/9
    66 | D        | Reached XP level 4. HP: 24/24 MP: 6/10
   101 | D        | Noticed Sigmund
   113 | D        | Found a burning altar of Makhleb.
   113 | D        | Found a shimmering altar of Xom.
   114 | D        | Noticed a slime creature
   119 | D        | Killed Sigmund
   120 | D        | Reached skill level 15 in Stealth
   120 | D        | Reached XP level 5. HP: 27/28 MP: 12/12
   121 | D        | Found a viscous altar of Jiyva.
   121 | D        | Found a corrupted altar of Lugonu.
   123 | D        | Killed a slime creature
   124 | D        | Reached skill level 18 in Stealth
   124 | D        | Reached XP level 6. HP: 31/32 MP: 13/13
   135 | D        | Found an ornate altar of the Wu Jian Council.
   135 | D        | Found a shimmering blue altar of Sif Muna.
   137 | D        | Found a radiant altar of Vehumet.
   142 | D        | Reached skill level 5 in Spellcasting
   169 | D        | Found Tairchar's Antique Armour Emporium.
   169 | D        | Found an ancient bone altar of Kikubaaqudgha.
   169 | D        | Found a hazy altar of Hepliaklqana.
   169 | D        | Found a stormy altar of Qazlal.
   169 | D        | Found a hide-covered altar of Uskayaw.
   169 | D        | Found a blossoming altar of Fedhas.
   169 | D        | Found a bloodstained altar of Trog.
   169 | D        | Found an iron altar of Okawaru.
   169 | D        | Found a basalt altar of Yredelemnul.
   169 | D        | Found a snail-covered altar of Cheibriados.
   169 | D        | Found a sacrificial altar of Ru.
   169 | D        | Found a shadowy altar of Dithmenos.
   169 | D        | Noticed a yak
   170 | D        | Found an opulent altar of Gozag.
   171 | D        | Killed a yak
   172 | D        | Reached XP level 7. HP: 36/36 MP: 13/15
   172 | D        | Found a sparkling altar of Nemelex Xobeh.
   179 | D        | Became a worshipper of Nemelex Xobeh the Trickster
   186 | D        | Noticed Sonja
   190 | D        | Killed Sonja
   191 | D        | Reached XP level 8. HP: 41/41 MP: 15/18
   194 | D        | Learned a level 2 spell: Ensorcelled Hibernation
   198 | D        | Learned a level 3 spell: Confusing Touch
   202 | D        | Learned a level 3 spell: Dazzling Flash
   215 | D        | Noticed a deep troll
   219 | D        | Killed a deep troll
   220 | D        | Reached skill level 21 in Stealth
   253 | D        | Reached * piety under Nemelex Xobeh
   253 | D        | Noticed a centaur warrior
   253 | D        | Noticed a centaur warrior
   256 | D        | Killed a centaur warrior
   257 | D        | Reached XP level 9. HP: 52/52 MP: 19/19
   257 | D        | Killed a centaur warrior
   258 | D        | Reached skill level 10 in Dodging
   272 | D        | Found Butzefit's Armour Emporium.
   359 | D        | Noticed an oklob plant
   375 | D        | Killed an oklob plant
   384 | D        | Received a gift from Nemelex Xobeh
   398 | D        | Reached skill level 1 in Ice Magic
   412 | D        | Reached skill level 1 in Conjurations
   420 | D        | Noticed an unseen horror
   422 | D        | Noticed an unseen horror
   427 | D        | Killed an unseen horror
   428 | D        | Reached XP level 10. HP: 49/64 MP: 21/21
   451 | D        | Reached ** piety under Nemelex Xobeh
   451 | D        | Received a gift from Nemelex Xobeh
   455 | D        | Reached skill level 1 in Invocations
   463 | D        | Identified the +4 leather armour of Least Resistance
                  | {Rampage rF+ MP+9 Dex-4}
   482 | D        | HP: 3/64 [acid (7)]
   485 | D        | Splashed by a jelly's acid

Illustrated notes

Levels and vault maps discovered:
D:        dungeon_sprint_1 [red_sonja_temple_1, red_sonja_temple_small_1]

Skill      XL: |  1  2  3  4  5  6  7  8  9 10 |
---------------+-------------------------------+-----
Stealth        | 10 15 18 21 | 21.7
Spellcasting   | 4 5 7 |  7.8
Hexes          | 8 9 11 12 | 12.4
Short Blades   | 3 6 |  6.0
Dodging        | 3 6 8 11 | 11.3
Fighting       | 4 7 |  7.8
Ice Magic      | 2 3 |  3.2
Conjurations   | 1 2 |  2.3
Invocations    | 3 |  3.3

Action                     |  1- 3 |  4- 6 |  7- 9 | 10-12 || total
---------------------------+-------+-------+-------+-------++-------
  Melee: Dagger            |     4 |    16 |    22 |    13 ||    55
         Bite              |       |     1 |     2 |     1 ||     4
   Cast: Confusing Touch   |       |       |     1 |       ||     1
 Invoke: Draw Summoning    |       |       |     1 |       ||     1
         Draw Destruction  |       |       |       |     2 ||     2
         Draw Escape       |       |       |       |     1 ||     1
Ability: Exsanguinate      |     1 |       |       |       ||     1
    Use: Potion            |     2 |     1 |       |     1 ||     4
   Stab: Sleeping          |     2 |     3 |     7 |     6 ||    18
         Invisible         |       |     1 |       |       ||     1
         Confused          |       |       |     2 |       ||     2
 Armour: Robe              |     1 |     1 |       |       ||     2
         Troll leather arm |       |       |     7 |     6 ||    13
  Dodge: Dodged            |       |     7 |     4 |    12 ||    23

Table legend: (Time is in decaauts)
 A = Elapsed time spent in this place.
 B = Non-inter-level travel time spent in this place.
 C = Inter-level travel time spent in this place.
 D = Time resting spent in this place.
 E = Time spent auto-exploring this place.
 F = Levels seen in this place.
 G = Mean time per level.
                   A        B        C        D        E       F      G
               +--------+--------+--------+--------+--------+-----+--------+
         Total |    477 |    477 |      0 |     94 |      0 |   1 |  477.0 |
       Dungeon |    477 |    477 |      0 |     94 |      0 |   1 |  477.0 |
               +--------+--------+--------+--------+--------+-----+--------+

Top non-repeatable levels by time:
       D: 477 daAuts
